NWL (28 & UNDER)
BISMARCK BARONS @ BISMARK BORDER GUARDS
06/25/2029
 
TOP OF THE 1ST
Bismarck Barons batting - Pitching for Bismark Border Guards : RHP Michael Morris
Pitching: RHP Michael Morris
Batting: RHB Dave Anderson 0-0: Ball
1-0: Called Strike
1-1: Swinging Strike
1-2: Strikes out swinging
Batting: RHB Eugenio Maldonado 0-0: Ball
1-0: Called Strike
1-1: Ball
2-1: SINGLE (Flyball, 7LS)
Batting: RHB Dennis Garner 0-0: 2-RUN HOME RUN (Flyball, 7LD), Distance : 352 ft
Batting: LHB Corey MacGregor 0-0: Ball
1-0: Foul Ball, location: 2F
1-1: SINGLE (Groundball, 6D)
Batting: RHB Fernando Castellanos 0-0: Ball
1-0: Foul Ball, location: 2F
1-1: Called Strike
1-2: Ball
2-2: Strikes out looking
Batting: SHB José Gonzáles 0-0: Ball
1-0: Called Strike
1-1: Foul Ball, location: 2F
1-2: Ball
2-2: Strikes out swinging
Top of the 1st over - 2 runs, 3 hits, 0 errors, 1 left on base; Bismarck 2 - Bismark 0
BOTTOM OF THE 1ST
Bismark Border Guards batting - Pitching for Bismarck Barons : RHP Robinson Alomar
Pitching: RHP Robinson Alomar
Batting: RHB Alfredo Farías 0-0: Called Strike
0-1: Ball
1-1: Ball
2-1: SINGLE (Groundball, 56D)
Batting: LHB Will Hill 0-0: Foul Ball, location: 2F
0-1: Ball
1-1: Swinging Strike
1-2: Ball
2-2: SINGLE (Line Drive, 9S)
Alfredo Farías to second
Batting: RHB Jackson Gibson 0-0: Called Strike
0-1: Swinging Strike
0-2: Foul Ball, location: 2F
0-2: Foul Ball, location: 2F
0-2: Ball
1-2: Ball
2-2: Foul Ball, location: 2F
2-2: Ball
3-2: Fly out, F8 (Flyball, 8LM)
Batting: LHB Alan Moore 0-0: Called Strike
0-1: Ball
Alfredo Farías is caught stealing 3rd base
1-1: Ball
2-1: SINGLE (Groundball, 56D)
Will Hill to second
Batting: RHB Mario Carranza 0-0: Ball
1-0: Ball
2-0: Ball
3-0: Base on Balls
Will Hill to third
Alan Moore to second
Batting: RHB Vincent Braun 0-0: Swinging Strike
0-1: Ball
1-1: Foul Ball, location: 2F
1-2: Strikes out looking
Bottom of the 1st over - 0 runs, 3 hits, 0 errors, 3 left on base; Bismarck 2 - Bismark 0
TOP OF THE 2ND
Bismarck Barons batting - Pitching for Bismark Border Guards : RHP Michael Morris
Batting: RHB Mark Roy 0-0: Called Strike
0-1: Swinging Strike
0-2: Strikes out looking
Batting: RHB Pedro García 0-0: Ball
1-0: Ball
2-0: Fly out, F8 (Flyball, 89D)
Batting: RHB Rubén Palma 0-0: Ground out U3 (Groundball, 3L)
Top of the 2nd over - 0 runs, 0 hits, 0 errors, 0 left on base; Bismarck 2 - Bismark 0
BOTTOM OF THE 2ND
Bismark Border Guards batting - Pitching for Bismarck Barons : RHP Robinson Alomar
Batting: RHB Sergio Solíz 0-0: Called Strike
0-1: Ball
1-1: Ground out 4-3 (Groundball, 4)
Batting: RHB Danny Spode 0-0: Ball
1-0: Ball
2-0: Foul Ball, location: 2F
2-1: Foul Ball, location: 2F
2-2: Fly out, F6 (Flyball, 56D)
Batting: LHB Kelsey Scott 0-0: Ball
1-0: Foul Ball, location: 2F
1-1: Called Strike
1-2: Strikes out swinging
Bottom of the 2nd over - 0 runs, 0 hits, 0 errors, 0 left on base; Bismarck 2 - Bismark 0
TOP OF THE 3RD
Bismarck Barons batting - Pitching for Bismark Border Guards : RHP Michael Morris
Batting: RHB Dave Anderson 0-0: Called Strike
0-1: Called Strike
0-2: Fly out, F8 (Flyball, 89M)
Batting: RHB Eugenio Maldonado 0-0: Ball
1-0: Called Strike
1-1: Ball
2-1: Foul Ball, location: 2F
2-2: Strikes out swinging
Batting: RHB Dennis Garner 0-0: Called Strike
0-1: Ball
1-1: SINGLE (Groundball, 56D)
Batting: LHB Corey MacGregor 0-0: Ball
Dennis Garner is caught stealing 2nd base
Top of the 3rd over - 0 runs, 1 hit, 0 errors, 0 left on base; Bismarck 2 - Bismark 0
BOTTOM OF THE 3RD
Bismark Border Guards batting - Pitching for Bismarck Barons : RHP Robinson Alomar
Batting: RHB Alfredo Farías 0-0: Ball
1-0: Ball
2-0: Ground out 6-3 (Groundball, 56)
Batting: LHB Will Hill 0-0: Fly out, F8 (Flyball, 8LM)
Batting: RHB Jackson Gibson 0-0: Called Strike
0-1: Ball
1-1: Ball
2-1: Ball
3-1: Foul Ball, location: 2F
3-2: Strikes out swinging
Bottom of the 3rd over - 0 runs, 0 hits, 0 errors, 0 left on base; Bismarck 2 - Bismark 0
TOP OF THE 4TH
Bismarck Barons batting - Pitching for Bismark Border Guards : RHP Michael Morris
Batting: LHB Corey MacGregor 0-0: Called Strike
0-1: Ball
1-1: Ball
2-1: Foul Ball, location: 2F
2-2: Fly out, F9 (Flyball, 9)
Batting: RHB Fernando Castellanos 0-0: Called Strike
0-1: Called Strike
0-2: Ball
1-2: Foul Ball, location: 2F
1-2: Ball
2-2: Foul Ball, location: 2F
2-2: Foul Ball, location: 2F
2-2: Ball
3-2: Foul Ball, location: 2F
3-2: Base on Balls
Batting: SHB José Gonzáles 0-0: Ball
1-0: Foul Ball, location: 2F
1-1: Foul Ball, location: 2F
1-2: Strikes out swinging
Batting: RHB Mark Roy 0-0: Ball
1-0: Ground out 5-3 (Groundball, 56S)
Top of the 4th over - 0 runs, 0 hits, 0 errors, 1 left on base; Bismarck 2 - Bismark 0
BOTTOM OF THE 4TH
Bismark Border Guards batting - Pitching for Bismarck Barons : RHP Robinson Alomar
Batting: LHB Alan Moore 0-0: Ball
1-0: SINGLE (Groundball, 5D)
Batting: RHB Mario Carranza 0-0: Foul Ball, location: 2F
0-1: Ball
1-1: Ball
2-1: Fly out, F8 (Line Drive, 8LM)
Batting: RHB Vincent Braun 0-0: Swinging Strike
0-1: Ball
1-1: Ball
2-1: Foul Ball, location: 2F
2-2: Strikes out swinging
Batting: RHB Sergio Solíz 0-0: Ball
1-0: Called Strike
1-1: Ball
2-1: Ball
3-1: Base on Balls
Alan Moore to second
Batting: RHB Danny Spode 0-0: Fielders Choice at 2nd, 5-4 (Groundball, 56)
Bottom of the 4th over - 0 runs, 1 hit, 0 errors, 2 left on base; Bismarck 2 - Bismark 0
TOP OF THE 5TH
Bismarck Barons batting - Pitching for Bismark Border Guards : RHP Michael Morris
Batting: RHB Pedro García 0-0: Called Strike
0-1: Ball
1-1: Ball
2-1: Foul Ball, location: 2F
2-2: Strikes out swinging
Batting: RHB Rubén Palma 0-0: Swinging Strike
0-1: Swinging Strike
0-2: Ball
1-2: Ground out 3-1 (Groundball, 34S)
Batting: RHB Dave Anderson 0-0: Ball
1-0: Swinging Strike
1-1: Called Strike
1-2: Ball
2-2: Ground out 6-3 (Groundball, 56)
Top of the 5th over - 0 runs, 0 hits, 0 errors, 0 left on base; Bismarck 2 - Bismark 0
BOTTOM OF THE 5TH
Bismark Border Guards batting - Pitching for Bismarck Barons : RHP Robinson Alomar
Batting: LHB Kelsey Scott 0-0: Foul Ball, location: 2F
0-1: Ground out 6-3 (Groundball, 56)
Batting: RHB Alfredo Farías 0-0: Ball
1-0: Ball
2-0: Called Strike
2-1: Ground out 5-3 (Groundball, 5S)
Batting: LHB Will Hill 0-0: Ball
1-0: Ball
2-0: Called Strike
2-1: Ball
3-1: Fly out, F8 (Flyball, 8LXD)
Bottom of the 5th over - 0 runs, 0 hits, 0 errors, 0 left on base; Bismarck 2 - Bismark 0
TOP OF THE 6TH
Bismarck Barons batting - Pitching for Bismark Border Guards : RHP Michael Morris
Batting: RHB Eugenio Maldonado 0-0: Foul Ball, location: 2F
0-1: Ball
1-1: Swinging Strike
1-2: SINGLE (Line Drive, 7S)
Batting: RHB Dennis Garner 0-0: Fielders Choice at 2nd, 3-6 (Groundball, 3)
Batting: LHB Corey MacGregor 0-0: Ball
Saturday, December 16th, 2017 - OOTP Baseball 18.8 Build 76